 Dungeon Crawl Stone Soup version 0.31.0-12-g77e489cdc1 (webtiles) character file.

Game seed: 3049256962677016614

355 Hrothgar the Chopper (level 6, -19/48 HPs)
             Began as a Human Fighter on Feb 16, 2024.
             Demolished by an ogre
             ... wielding a +0 giant club
              (25 damage)
             ... on level 4 of the Dungeon.
             The game lasted 00:03:22 (1472 turns).

Hrothgar the Chopper (Human Fighter)                Turns: 1472, Time: 00:03:22

Health: -19/48     AC:  7    Str: 16    XL:     6   Next: 63%
Magic:  6/6        EV:  9    Int: 10    God:
Gold:   87         SH:  5    Dex: 13    Spells: 5/5 levels left

rFire   + . .        a - +0 war axe
rCold   x . .        c - +0 buckler
rNeg    . . .        b - +0 scale mail
rPois   .            (no helmet)
rElec   .            (no cloak)
rCorr   .            (no gloves)
SInv    .            (no boots)
Will    .....        (no amulet)
Stlth   +            h - ring of fire
HPRegen 0.28/turn    (no ring)
MPRegen 0.10/turn

%: no passive effects
@: no status effects
A: explore regen
a: no special abilities


You were on level 4 of the Dungeon.
You visited 1 branch of the dungeon, and saw 4 of its levels.

You collected 87 gold pieces.

Inventory:

Hand Weapons
 a - a +0 war axe (weapon)
Armour
 b - a +0 scale mail (worn)
 c - a +0 buckler (worn)
Jewellery
 h - a ring of fire (left hand)
Wands
 d - a wand of flame (5)
Scrolls
 g - a scroll of teleportation
Potions
 e - a potion of mutation {unknown}
 f - 2 potions of curing {unknown}


   Skills:
 * Level 3.7 Fighting
 * Level 4.4 Axes
 * Level 3.9 Armour
 * Level 1.7 Dodging
 * Level 1.9 Stealth
 * Level 3.6 Shields
 * Level 0.7 Evocations


You had 5 spell levels left.
You didn't know any spells.
Your spell library contained the following spells:

 Spells                   Type           Power      Damage    Failure   Level
 Hailstorm                Conj/Ice       0%         3d5       99%         3
 Inner Flame              Hex/Fire       0%         N/A       99%         3
 Summon Ice Beast         Ice/Summ       0%         N/A       99%         3
 Flame Wave               Conj/Fire      0%         2d4       100%        4
 Sticky Flame             Fire/Alch      0%         2d4       100%        4
 Sculpt Simulacrum        Ice/Alch       0%         N/A       100%        6


Dungeon Overview and Level Annotations

Branches:
Dungeon (4/15)
 Temple: D:4-7

Altars:


Innate Abilities, Weirdness & Mutations

You regain HP and MP as you explore.


Message History

The iguana is moderately wounded.
The iguana barely misses you.
You barely miss the iguana.
The iguana is moderately wounded.
The iguana closely misses you. The iguana bites you!
You hit the iguana but do no damage.
The iguana is moderately wounded.
You block the iguana's attack.
You barely miss the iguana.
The iguana is moderately wounded.
The iguana closely misses you.
You slash the iguana!
The iguana is severely wounded.
The iguana bites you. The iguana barely misses you.
You slash the iguana!
You kill the iguana!
You see here an iguana corpse.
An ogre comes into view. It is wielding a +0 giant club.
The ogre shouts!
You hit the ogre.
The ogre is lightly wounded.
The ogre hits you with a +0 giant club!!
You completely miss the ogre.
The ogre is lightly wounded.
The ogre hits you with a +0 giant club!
You hit the ogre.
The ogre is lightly wounded.
An endoplasm comes into view.
The ogre hits you with a +0 giant club!
* * * LOW HITPOINT WARNING * * *
Unknown command.
Aiming: Throw Flame
Press: ? - help, Shift-Dir - straight line, f - ogre
Aim: an ogre, wielding a +0 giant club (lightly wounded, 85% to hit)
The puff of flame hits the ogre!
The ogre is heavily wounded.
The endoplasm quivers.
The ogre hits you with a +0 giant club!!
Ouch! That really hurt!
You die...

#........ ..♣.#..#
#........ ...#..
#........ ♣♣....##
#........ ..J...
........... ....
...#...... ##..#
..##..... ##...#
#..###... #.O@.##
#..###)†. #...#..#
#..##.).# #....##..#
###.....### ......
#..####.....†## ##...#
#.............#
##....#.....##.....####
##........###..#......
#........##...#P.....
#.............##.P...


You could see an ogre and an endoplasm.

Vanquished Creatures
  Sigmund (D:2)
  A hound (D:4)
  3 iguanas (D:4)
  An adder (D:4)
  4 gnolls
  6 orcs (D:4)
  2 ball pythons
  6 endoplasms
  A giant cockroach (D:4)
  A goblin (D:4)
  3 hobgoblins
  7 bats (D:1)
  9 frilled lizards
  8 kobolds
  2 rats (D:1)
55 creatures vanquished.

Notes
Turn   | Place    | Note
-------+----------+-------------------------------------------
     0 | D:1      | Hrothgar the Human Fighter began the quest for the Orb.
     0 | D:1      | Reached XP level 1. HP: 18/18 MP: 1/1
    94 | D:1      | Reached XP level 2. HP: 24/24 MP: 2/2
   214 | D:1      | Reached XP level 3. HP: 27/29 MP: 3/3
   791 | D:2      | Noticed Sigmund
   804 | D:2      | Killed Sigmund
   805 | D:2      | Reached skill level 3 in Axes
   805 | D:2      | Reached skill level 1 in Dodging
   805 | D:2      | Reached skill level 1 in Stealth
   805 | D:2      | Reached XP level 4. HP: 14/36 MP: 4/4
   805 | D:2      | Reached XP level 5. HP: 16/41 MP: 5/5
   971 | D:4      | Reached skill level 4 in Axes
   971 | D:4      | Reached XP level 6. HP: 48/48 MP: 6/6
  1472 | D:4      | Demolished by an ogre

Illustrated notes

Levels and vault maps discovered:
D:1:      tekkud_arrival_beachfront_property, layout_loops_ring,
          minmay_misc_feat_plants, minmay_pentomino_q2
D:2:      layout_basic, basic_altar, basic_ecumenical_altar, uniq_sigmund,
          uniq_crazy_yiuf_cottage
D:3:      layout_loops_ring, nicolae_qazlal_eye_of_the_storm,
          mainiacjoe_overflow_brackets, mainiacjoe_overflow_big_doors
D:4:      layout_layer_cave, mainiacjoe_overflow_small_starburst,
          minmay_lizard_king

Skill      XL: |  1  2  3  4  5 |
---------------+----------------+-----
Axes           | 3 4 |  4.4
Dodging        | 1 |  1.7
Stealth        | 1 |  1.9
Fighting       | |  3.7
Armour         | |  3.9
Shields        | |  3.6
Evocations     | |  0.7

Action                     |  1- 3 |  4- 6 || total
---------------------------+-------+-------++-------
  Melee: War axe           |    67 |    68 ||   135
  Evoke: Wand              |       |     3 ||     3
    Use: Scroll            |     3 |     1 ||     4
         Potion            |     1 |     1 ||     2
 Armour: Scale mail        |    53 |    61 ||   114
  Dodge: Dodged            |    42 |    43 ||    85
  Block: Buckler           |    20 |    20 ||    40
